 Dungeon Crawl Stone Soup version 0.29.1-1-gd02db6906a (webtiles) character file.

Game seed: 1483600030286638948

57 dave1331 the Trooper (level 4, -4/40 HPs)
             Began as a Hill Orc Fighter on Oct 4, 2022.
             Constricted to death by Natasha (5 damage)
             ... on level 2 of the Dungeon.
             The game lasted 00:03:45 (1780 turns).

dave1331 the Trooper (Hill Orc Fighter)             Turns: 1780, Time: 00:03:45

Health: -4/40      AC:  7    Str: 20    XL:     4   Next: 0%
Magic:  4/4        EV:  6    Int:  8    God:
Gold:   128        SH:  5    Dex: 10    Spells: 3/3 levels left

rFire   . . .      SeeInvis .   h - +3 dagger (drain)
rCold   . . .      Faith    +   c - +1 buckler
rNeg    . . .      Spirit   .   b - +0 scale mail
rPois   .          Reflect  .   (no helmet)
rElec   .          Harm     .   (no cloak)
rCorr   .          Rampage  .   (no gloves)
Will    .....                   (no boots)
Stlth   ..........              j - amulet of faith
HPRegen 0.13/turn               (no ring)
MPRegen 0.09/turn               (no ring)

@: grasped by roots, constricted
A: no striking features
a: no special abilities


You were on level 2 of the Dungeon.
You visited 1 branch of the dungeon, and saw 2 of its levels.

You collected 128 gold pieces.

Inventory:

Hand Weapons
 a - a +0 rapier
 h - a +3 dagger of draining (weapon)
Armour
 b - a +0 scale mail (worn)
 c - a +1 buckler (worn)
Jewellery
 f - a ring of flight
 j - an amulet of faith (around neck)
Scrolls
 g - a scroll of teleportation {unknown}
 m - a scroll of blinking
Potions
 d - a potion of might
 e - a potion of cancellation {unknown}
 i - a potion of ambrosia {unknown}


   Skills:
 + Level 4.0 Fighting
 + Level 2.8 Short Blades
 + Level 3.9 Armour
 + Level 0.2 Dodging
 + Level 0.3 Stealth
 + Level 3.6 Shields


You had 3 spell levels left.
You didn't know any spells.
Your spell library contained the following spells:

 Spells                   Type           Power      Damage    Failure   Level
 Freeze                   Ice            0%         1d3       85%         1
 Frozen Ramparts          Ice            0%         1d1       99%         3
 Hailstorm                Conj/Ice       0%         3d3       100%        4


Dungeon Overview and Level Annotations

Branches:
Dungeon (2/15)

Altars:

Annotations:
D:2 Natasha


Message History

Natasha, Servant of Life and Death comes into view.
She is carrying a wand of roots (11).
Natasha hisses angrily.
Natasha mumbles some strange words.
Natasha wildly gestures.
You feel troubled. The white imp barely misses you.
You barely miss the white imp.
Natasha zaps a wand.
The roots erupt in riotous growth!
The white imp is unaffected.
The grasping roots grab you!
Natasha is unaffected.
The grasping roots constrict you. The white imp barely misses you.
You closely miss the white imp. The grasping roots constrict you.
You hit the white imp but do no damage. The grasping roots constrict you.
The white imp hits you but does no damage.
The grasping roots constrict you.
You closely miss the white imp. The white imp gestures at you.
The puff of frost hits you. The grasping roots constrict you.
The grasping roots release their grip on you.
You closely miss the white imp. The white imp misses you.
Natasha zaps a wand.
The roots erupt in riotous growth!
The white imp is unaffected.
The grasping roots grab you!
Natasha is unaffected.
The grasping roots constrict you.
You closely miss the white imp. The white imp barely misses you.
The grasping roots constrict you.
You closely miss the white imp. The white imp gestures at you.
The puff of frost hits you. The grasping roots constrict you.
* * * LOW HITPOINT WARNING * * *
Unknown command.
You closely miss the white imp. The grasping roots constrict you.
* * * LOW HITPOINT WARNING * * *
The white imp hits you.
* * * LOW HITPOINT WARNING * * *
The white imp freezes you.
* * * LOW HITPOINT WARNING * * *
You barely miss the white imp.
Natasha casts a spell.
The grasping roots constrict you.
You die...

#..#####.....##
..............#
...#####.....##
##.#####....##
............#
##.##.##....#
#.##.##....#
#.##.##....##########
#..............@5h..#
#######..#..#######5#
#..#..# #..#..#
#..#..#### #........#
##.#..##.... ###.#..#
##. #......#


You could see Natasha, a crimson imp (summoned) and a white imp (summoned).

Vanquished Creatures
  2 adders (D:2)
  A worm (D:2)
  A dart slug (D:2)
  3 bats
  3 endoplasms
  3 giant cockroaches
  3 goblins (D:1)
  2 hobgoblins (D:2)
  4 quokkas
  3 ball pythons
  2 frilled lizards
  2 kobolds
  4 rats
33 creatures vanquished.

Notes
Turn   | Place    | Note
-------+----------+-------------------------------------------
     0 | D:1      | dave1331 the Hill Orc Fighter began the quest for the Orb.
     0 | D:1      | Reached XP level 1. HP: 19/19 MP: 1/1
   329 | D:1      | Reached XP level 2. HP: 19/27 MP: 2/2
  1250 | D:2      | Reached XP level 3. HP: 31/33 MP: 3/3
  1438 | D:2      | Reached skill level 4 in Fighting
  1667 | D:2      | Reached XP level 4. HP: 40/40 MP: 4/4
  1768 | D:2      | Noticed Natasha
  1779 | D:2      | HP: 1/40 [white imp[Natasha] (4)]
  1780 | D:2      | Constricted to death by Natasha

Illustrated notes

Levels and vault maps discovered:
D:1:      saegor_arrival_miasma, layout_basic
D:2:      layout_loops_ring, uniq_natasha

Skill      XL: |  1  2  3 |
---------------+----------+-----
Fighting       | 4 |  4.0
Short Blades   | |  2.8
Armour         | |  3.9
Dodging        | |  0.2
Stealth        | |  0.3
Shields        | |  3.6

Action                   |  1- 3 |  4- 6 || total
-------------------------+-------+-------++-------
Melee: Rapier            |    14 |       ||    14
       Dagger            |    76 |     9 ||    85
  Use: Scroll            |     4 |       ||     4
Armor: Scale mail        |    45 |     1 ||    46
Dodge: Dodged            |    60 |     4 ||    64
Block: Buckler           |    20 |       ||    20
